 Dungeon Crawl Stone Soup version 0.32-a0-18-g89e19f1974 (webtiles) character file.

Game seed: 4575688200005475877

38 p00ps00p the Trooper (level 3, -1/33 HPs)
             Began as a Hill Orc Fighter on Jan 16, 2024.
             Slain by Sigmund
             ... wielding a +0 scythe
              (4 damage)
             ... on level 2 of the Dungeon.
             The game lasted 00:01:48 (1293 turns).

p00ps00p the Trooper (Hill Orc Fighter)             Turns: 1293, Time: 00:01:48

Health: -1/33      AC: 11    Str: 20    XL:     3   Next: 43%
Magic:  3/3        EV:  7    Int:  8    God:
Gold:   30         SH:  0    Dex: 10    Spells: 2/2 levels left

rFire   . . .        a - +1 war axe
rCold   . . .        c - +0 buckler
rNeg    . . .        h - +1 chain mail
rPois   .            k - +0 helmet
rElec   .            (no cloak)
rCorr   .            (no gloves)
SInv    .            (no boots)
Will    .....        (no amulet) Stlth
                     (no ring)
HPRegen 0.25/turn    (no ring)
MPRegen 0.08/turn

%: no passive effects
@: confused, mighty, invisible
A: no striking features
a: no special abilities


You were on level 2 of the Dungeon.
You visited 1 branch of the dungeon, and saw 2 of its levels.

You collected 30 gold pieces.

Inventory:

Hand Weapons
 a - a +1 war axe (weapon)
Missiles
 e - 2 atropa-tipped darts (quivered)
Armour
 b - a +0 scale mail
 c - a +0 buckler (worn)
 h - a +1 chain mail (worn)
 k - a +0 helmet (worn)
Scrolls
 m - a scroll of torment {unknown}
Potions
 g - a potion of enlightenment {unknown}
 i - a potion of heal wounds {unknown}
 j - a potion of brilliance {unknown}
 l - a potion of lignification {unknown}


   Skills:
 + Level 4.1 Fighting
 + Level 3.3 Axes
 + Level 3.7 Armour
 + Level 3.7 Shields


You had 2 spell levels left.
You didn't know any spells.
Your spell library contained the following spells:

 Spells                   Type           Power      Damage    Failure   Level
 Apportation              Tloc           0%         N/A       99%         1
 Freeze                   Ice            0%         1d3       99%         1
 Kiss of Death            Conj/Necr      0%         2d5       99%         1
 Jinxbite                 Hex            0%         N/A       99%         2
 Confusing Touch          Hex            0%         N/A       100%        3
 Frozen Ramparts          Ice            0%         1d1       100%        3
 Hailstorm                Conj/Ice       0%         3d5       100%        3
 Dispel Undead            Necr           0%         3d6       100%        4
 Alistair's Intoxication  Alch           0%         N/A       100%        5


Dungeon Overview and Level Annotations

Branches:
Dungeon (2/15)

Altars:

Annotations:
D:2 Sigmund


Message History

You are too confused!
You are too confused!
You are too confused!
You are too confused!
You are too confused!
You are too confused!
You are too confused!
Sigmund mumbles some strange words.
Sigmund flickers and vanishes!
Deactivating autopickup; reactivate with Ctrl-A.
A puff of flame appears from out of thin air!
The puff of flame misses you.
You bump into the rock wall.
Something hits you.
You closely miss something. Something hits you but does no damage.
You miss something. Something hits you.
You miss something.
You feel less confused.
You closely miss something. Something hits you.
You closely miss something.
You hear some strange, mumbled words.
A puff of flame appears from out of thin air!
The puff of flame hits you. Something hits you but does no damage.
You hit something. You miss something. Something hits you but does no damage.
You hit something. Something hits you.
You closely miss something.
You hear some strange, mumbled words.
A puff of flame appears from out of thin air!
The puff of flame hits you!
You closely miss something. Something hits you!
* * * LOW HITPOINT WARNING * * *
You slash something! Something hits you but does no damage.
You fade into invisibility!
You hear some strange, mumbled words.
You are confused.
You feel very mighty all of a sudden. Something hits you but does no damage.
You bump into the rock wall.
Something hits you.
You die...

.)..#.#.....# #.#
.#..#.##########.##
..................#
###...............#
#.#.##########.##
#.#.# #[# #.#.# #.#
# #.# #.# #.# #@#
#. #{# #.# #.# ..#
###


There were no monsters in sight!

Vanquished Creatures
  An adder (D:2)
  2 dart slugs (D:1)
  A ribbon worm (D:2)
  3 ball pythons (D:1)
  3 endoplasms
  A giant cockroach (D:1)
  A goblin (D:1)
  3 hobgoblins
  2 bats
  6 rats
23 creatures vanquished.

Notes
Turn   | Place    | Note
-------+----------+-------------------------------------------
     0 | D:1      | p00ps00p the Hill Orc Fighter began the quest for the Orb.
     0 | D:1      | Reached XP level 1. HP: 19/19 MP: 1/1
   158 | D:1      | Reached XP level 2. HP: 27/27 MP: 2/2
   202 | D:1      | Found a faded altar of an unknown god.
   707 | D:2      | Reached skill level 4 in Fighting
   713 | D:2      | Reached XP level 3. HP: 26/33 MP: 3/3
  1273 | D:2      | Noticed Sigmund
  1293 | D:2      | Slain by Sigmund

Illustrated notes

Levels and vault maps discovered:
D:1:      beargit_arrival_greenhouse, layout_basic,
          shapermc_ecumenical_altar_mp_ritualfount,
          ebering_dispersal_statue_hall
D:2:      layout_basic, chequers_garden, uniq_sigmund

Skill      XL: |  1  2 |
---------------+-------+-----
Axes           | 3 |  3.3
Fighting       | 4 |  4.1
Armour         | |  3.7
Shields        | |  3.7

Action                     || total
---------------------------++-------
  Melee: War axe           ||    71
    Use: Scroll            ||     4
         Potion            ||     2
 Armour: Scale mail        ||     3
         Chain mail        ||    51
  Dodge: Dodged            ||    17
  Block: Buckler           ||    10

Table legend: (Time is in decaauts)
 A = Elapsed time spent in this place.
 B = Non-inter-level travel time spent in this place.
 C = Inter-level travel time spent in this place.
 D = Time resting spent in this place.
 E = Time spent auto-exploring this place.
 F = Levels seen in this place.
 G = Mean time per level.
                   A        B        C        D        E       F      G
               +--------+--------+--------+--------+--------+-----+--------+
         Total |   1319 |   1211 |    108 |      0 |    983 |   2 |  659.5 |
       Dungeon |   1319 |   1211 |    108 |      0 |    983 |   2 |  659.5 |
               +--------+--------+--------+--------+--------+-----+--------+

Top non-repeatable levels by time:
     D:1: 705 daAuts
     D:2: 614 daAuts
